 Dungeon Crawl Stone Soup version 0.18-a0-19-g8b99b3a (webtiles) character file.

93 Raultor the Chopper (level 4, -1/26 HPs)
             Began as a Gargoyle Gladiator on Nov 1, 2015.
             Slain by an orc warrior
             ... wielding a +0 hand axe
              (7 damage)
             ... on level 2 of the Dungeon.
             The game lasted 00:04:33 (1450 turns).

Raultor the Chopper (Gargoyle Gladiator)            Turns: 1450, Time: 00:04:34

Health: -1/26      AC: 11    Str: 19    XL:     4   Next: 62%
Magic:  4/4        EV: 11    Int:  9    God:
Gold:   75         SH:  0    Dex: 10    Spells: 0 memorised, 3 levels left

rFire  . . .     SeeInvis .     a - +0 war axe
rCold  . . .     Clarity  .     g - +0 ring mail
rNeg   + + .     SustAt   .     (no shield)
rPois  ∞         Gourm    .     c - +0 helmet
rElec  +         Spirit   .     (no cloak)
rCorr  .         Warding  +     (no gloves)
rMut   .         Stasis   .     j - +0 pair of boots
MR     .....                    k - amulet of warding
Stlth  ..........               (no ring)
                                (no ring)

@: not resistant to hostile enchantments, extremely unstealthy
A: negative energy resistance 1, electricity resistance, unbreathing,
petrification resistance, rot immunity, AC +3
a: no special abilities


You were on level 2 of the Dungeon.
You were not hungry.

You visited 1 branch of the dungeon, and saw 3 of its levels.

You collected 75 gold pieces.

Inventory:

Hand Weapons
 a - a +0 war axe (weapon)
Missiles
 d - 3 throwing nets (quivered)
Armour
 b - a +0 leather armour
 c - a +0 helmet (worn)
 g - a +0 ring mail (worn)
 j - a +0 pair of boots (worn)
Jewellery
 k - an amulet of warding (around neck)
Scrolls
 f - a scroll of enchant armour {unknown}
 i - a scroll of enchant weapon {unknown}
 l - a scroll of noise {unknown}
 m - 3 scrolls of identify {unknown}
 o - a scroll of fog {unknown}
 q - a scroll of remove curse {unknown}
Potions
 n - a potion of beneficial mutation {unknown}
 p - a potion of agility {unknown}
Comestibles
 e - 3 bread rations
 h - 2 meat rations


   Skills:
 - Level 2.1 Fighting
 * Level 4.2 Axes
 - Level 1.7 Throwing
 + Level 2.1 Armour
 - Level 2.4 Dodging


You had 3 spell levels left.
You didn't know any spells.

Dungeon Overview and Level Annotations

Branches:
Dungeon (3/15)

Altars:
Elyvilon


Innate Abilities, Weirdness & Mutations

You are resistant to torment.
Your stone body is resilient (AC +3).
You are immune to poison.
You resist negative energy.
You are resistant to electric shocks.
You can survive without breathing.
You are immune to petrification.
You are immune to rotting.


Message History

The giant gecko bites you but does no damage.
The giant newt closely misses you.
The orc hits you with a dagger of protection.
The ogre barely misses you. The orc hits you.
* * * LOW HITPOINT WARNING * * *
You climb upwards.
There is a stone staircase leading down here.
You barely miss the ogre.
The ogre is lightly wounded.
You hit the orc warrior but do no damage.
You hit the orc.
The orc is moderately wounded.
You slash the orc!
You kill the orc!
You barely miss the giant gecko. The orc warrior barely misses you.
The orc misses you.
The giant gecko bites you but does no damage.
The ogre barely misses you.
The orc warrior hits you with a hand axe!
You die...

.........####'#######.#
###### .........#
#.......#.# #.
.........##########.#.#
###. .........[..#
#.......## #...
............#
#........# #.##
............#
#........# #...
............#
#........# ####
#####.......#
#oOl.....#######...
#.......#
#o@l...........#.#.
#.......#
##########..##.#.#.
#.......#
#...#.......#.
#.......#
#.#.....#.....
#.......#
#.....#.#..###
#.......#
#######.#.....
######### #>..#...
#####... #<..


You could see an orc warrior, an ogre, an orc, a giant gecko and a giant newt.

Vanquished Creatures
  5 adders (D:2)
  2 oozes
  A giant gecko (D:2)
  An orc (D:2)
  7 bats
  2 giant cockroaches
  2 hobgoblins (D:2)
  3 kobolds
  3 giant newts
  2 goblins (D:1)
  12 rats
40 creatures vanquished.

Notes
Turn   | Place    | Note
--------------------------------------------------------------
     0 | D:1      | Raultor the Gargoyle Gladiator began the quest for the Orb.
     0 | D:1      | Reached XP level 1. HP: 12/12 MP: 1/1
   159 | D:1      | Reached skill level 3 in Axes
   159 | D:1      | Reached XP level 2. HP: 12/17 MP: 2/2
   314 | D:1      | Reached skill level 1 in Armour
   653 | D:1      | Found a white marble altar of Elyvilon.
   692 | D:2      | Reached XP level 3. HP: 21/21 MP: 3/3
  1071 | D:2      | Reached skill level 4 in Axes
  1071 | D:2      | Reached XP level 4. HP: 26/26 MP: 4/4
  1441 | D:3      | Noticed an ogre
  1445 | D:3      | Noticed an orc warrior
  1450 | D:2      | Slain by an orc warrior

Vault maps used:
D:1:      sevenhm_arrival_forest_fort_small_6, minmay_rat_gold_closets
D:3:      yredelemnul_forgotten_temple_becter, first_bread, uniq_iyjb,
          uniq_natasha

Action                   |  1- 3 |  4- 6 || total
-------------------------+-------+-------++-------
Melee: War axe           |    90 |    27 ||   117
  Eat: Chunk             |       |     2 ||     2
